 Dungeon Crawl Stone Soup version 0.30-a0-860-g512cf1e979 (webtiles) character file.

Game seed: 8279023099283619018

282 Darius099 the Sneak (level 6, -3/34 (36) HPs)
             Began as an Octopode Summoner on Mar 7, 2023.
             Slain by a wight
             ... wielding a +0 falchion
              (9 damage)
             ... on level 4 of the Dungeon.
             The game lasted 00:15:25 (2959 turns).

Darius099 the Sneak (Octopode Summoner)             Turns: 2959, Time: 00:15:26

HP:   -3/34 (36)    AC:  1    Str:  7    XL:     6   Next: 28%
MP:   0/11          EV: 13    Int: 25    God:
Gold: 229           SH:  0    Dex: 19    Spells: 3/12 levels left

rFire   . . .      SeeInvis .    m - +5 club (spect)
rCold   . . .      Faith    .    (no shield)
rNeg    . . .      Spirit   .    (helmet restricted)
rPois   .          Reflect  .    (no amulet)
rElec   .          Rampage  .    k - +6 ring of dexterity
rCorr   .                        o - +6 ring of intelligence
Will    .....                    (no ring)
Stlth   ++++                     (no ring)
HPRegen 0.25/turn                (no ring)
MPRegen 0.12/turn                (no ring)
                                 (no ring)
                                 (no ring)

@: drained
A: almost no armour, amphibious, 8 rings, camouflage 1, gelatinous body 1,
(nimble swimmer 1), tentacles
a: no special abilities


You were on level 4 of the Dungeon.
You visited 1 branch of the dungeon, and saw 4 of its levels.

You collected 229 gold pieces.

Inventory:

Hand Weapons
 m - a +5 spectral club (weapon)
Missiles
 r - a throwing net
Jewellery
 k - a +6 ring of dexterity (left tentacle)
 o - a +6 ring of intelligence (right tentacle)
Scrolls
 b - 4 scrolls of teleportation {unknown}
 d - a scroll of vulnerability {unknown}
 g - 5 scrolls of identify {unknown}
 i - a scroll of summoning {unknown}
 j - 2 scrolls of blinking {unknown}
 p - a scroll of enchant armour {unknown}
 t - a scroll of magic mapping {unknown}
Potions
 a - 2 potions of magic
 c - 2 potions of resistance {unknown}
 e - a potion of might {unknown}
 f - 6 potions of curing
 h - a potion of ambrosia {unknown}
 l - a potion of mutation {unknown}
 n - 2 potions of attraction {unknown}
 q - a potion of flight {unknown}
 s - a potion of heal wounds


   Skills:
 - Level 2.1 Dodging
 + Level 5.6 Stealth
 + Level 3.7 Spellcasting
 + Level 5.3 Summonings


You had 3 spell levels left.
You knew the following spells:

 Your Spells              Type           Power      Damage    Failure   Level
a - Summon Small Mammal   Summ           100%       N/A       1%          1
b - Call Imp              Summ           31%        N/A       1%          2
c - Summon Guardian Gole  Hex/Summ       17%        N/A       10%         3
d - Call Canine Familiar  Summ           31%        N/A       3%          3

Your spell library contained the following spells:

 Spells                   Type           Power      Damage    Failure   Level
 Static Discharge         Conj/Air       8%         2-3/arc   14%         2
 Vhi's Electric Charge    Tloc/Air       8%         N/A       28%         3
 Summon Lightning Spire   Summ/Air       17%        N/A       30%         4
 Arcjolt                  Conj/Air       2%         1d12      95%         5
 Lightning Bolt           Conj/Air       2%         1d13      95%         5


Dungeon Overview and Level Annotations

Branches:
Dungeon (4/15)
 Temple: D:4-7

Altars:


Innate Abilities, Weirdness & Mutations

You cannot wear most types of armour.
You are amphibious.
You can wear up to eight rings at the same time.
Your skin changes colour to match your surroundings (Stealth+).
Your rubbery body absorbs attacks. (AC +1, EV +1)
((You are camouflaged when in or above water. (Stealth+)))
You have tentacles for arms and can constrict up to eight enemies at once.


Message History

Your quokka bites the wight but does no damage.
Your hound bites the wight.
You closely miss the wight. Your grab misses the wight.
You squeeze the wight, but do no damage.
The wight is moderately damaged.
Your +5 spectral club hits the wight.
Your crimson imp disappears in a puff of smoke!
The wight misses you.
The wight hits your hound with a +0 falchion!
Your hound dies!
Your hound's corpse disappears in a puff of smoke!
Your quokka bites the wight but does no damage.
The wight barely misses your +5 spectral club.
The wight completely misses you.
You hit the wight. Your grab misses the wight.
The wight is severely damaged.
Your +5 spectral club hits the wight.
Your quokka barely misses the wight.
The wight misses your +5 spectral club.
The wight hits your +5 spectral club with a +0 mace!
Your spectral weapon shares its damage with you!
You hit the wight.
You destroy the wight!
Your quokka bites the wight.
The wight hits you with a +0 mace.
You feel drained.
Your life force feels restored.
Casting: Summon Small Mammal (safe; 1% risk of failure)
Confirm with . or Enter, or press ? or * to list all spells.
A beastly little devil appears in a puff of frigid air.
Your quokka closely misses the wight.
The wight hits you with a +0 mace!
* * * LOW HITPOINT WARNING * * *
You feel drained.
* * * LOW HITPOINT WARNING * * *
The wight closely misses you.
Your quokka barely misses the wight.
The wight attacks as you move away! The wight barely misses you.
Your white imp hits the wight but does no damage.
Casting: Call Imp (safe; 1% risk of failure)
Confirm with . or Enter, or press ? or * to list all spells.
The wight hits your white imp with a +0 mace!
The wight hits you with a +0 falchion!
You die...

#.# #.##.####....#
#.# #.##.# ##.##..
#.###.##.# #......
#........###......
#.................
#....###.##.......
#)r..'............
#zz..###..........
#@5..# #.##.#####.
#.h..# #.##.# #.
###### #.##.# #.
#.##.# #. #.##.#
## #.##.# #.##.#
#.##.### #.##.#.#


You could see 2 wights, a friendly hound (summoned), a friendly white imp
(summoned) and a friendly quokka (summoned).

Vanquished Creatures
  A wight (D:4)
  Terence (D:3)
  4 gnolls (D:3)
  4 adders
  A nameless horror (D:4)
  A worm (D:2)
  2 dart slugs (D:1)
  An orc (D:4)
  An endoplasm (D:1)
  3 giant cockroaches
  3 hobgoblins (D:1)
  4 jackals (D:3)
  A kobold (D:1)
  3 quokkas
  2 ball pythons (D:1)
  3 bats
  A rat (D:1)
36 creatures vanquished.

Vanquished Creatures (collateral kills)
  Jessica (D:2)
  Robin (D:3)
  An adder (D:2)
  A dart slug (D:4)
  3 orcs (D:4)
  2 ball pythons (D:2)
  5 endoplasms
  A giant cockroach (D:2)
  10 goblins
  3 hobgoblins (D:3)
  A quokka (D:2)
  2 bats (D:3)
  2 frilled lizards
  3 kobolds
  2 rats (D:2)
38 creatures vanquished.

Grand Total: 74 creatures vanquished

Notes
Turn   | Place    | Note
-------+----------+-------------------------------------------
     0 | D:1      | Darius099 the Octopode Summoner began the quest for the
                  | Orb.
     0 | D:1      | Reached XP level 1. HP: 11/11 MP: 3/3
   307 | D:1      | Reached XP level 2. HP: 17/17 MP: 5/5
   336 | D:1      | Found a faded altar of an unknown god.
   775 | D:2      | Learned a level 2 spell: Call Imp
   826 | D:2      | Reached XP level 3. HP: 12/21 MP: 1/6
  1051 | D:2      | Noticed Jessica
  1087 | D:2      | Killed Jessica
  1088 | D:2      | Reached XP level 4. HP: 27/27 MP: 1/8
  1477 | D:3      | Noticed Robin
  1507 | D:3      | Killed Robin
  1508 | D:3      | Reached XP level 5. HP: 25/31 MP: 3/9
  1914 | D:3      | Reached skill level 5 in Stealth
  1914 | D:3      | Reached skill level 5 in Summonings
  1961 | D:3      | Learned a level 3 spell: Summon Guardian Golem
  2134 | D:3      | Noticed Terence
  2139 | D:3      | Killed Terence
  2619 | D:4      | Reached XP level 6. HP: 36/36 MP: 6/11
  2756 | D:4      | Learned a level 3 spell: Call Canine Familiar
  2959 | D:4      | Slain by a wight

Illustrated notes

Levels and vault maps discovered:
D:1:      wander_arrival_desolate, layout_basic,
          hellmonk_ecumenical_altar_zigzags, minmay_pentomino_z2
D:2:      layout_rooms, minivault_14, uniq_jessica
D:3:      layout_rooms, hangedman_decor_slide_cut, lightli_corner_chamber,
          uniq_robin, uniq_terence
D:4:      layout_basic, minivault_23, chequers_decorated_corner,
          hex_intersection

Skill      XL: |  1  2  3  4  5 |
---------------+----------------+-----
Stealth        | 3 4 5 |  5.6
Spellcasting   | 3 |  3.7
Summonings     | 5 |  5.3
Dodging        | |  2.1

Action                     |  1- 3 |  4- 6 || total
---------------------------+-------+-------++-------
  Melee: Unarmed           |    61 |     6 ||    67
         Tentacles         |    18 |     9 ||    27
         Constrict         |    15 |     6 ||    21
         Punch             |     1 |       ||     1
         Club              |       |    31 ||    31
   Cast: Summon Small Mamm |    15 |    48 ||    63
         Call Imp          |     4 |    10 ||    14
         Call Canine Famil |       |     2 ||     2
    Use: Potion            |       |     2 ||     2
   Stab: Sleeping          |     6 |     2 ||     8
         Distracted        |       |     3 ||     3
 Armour: Skin              |     5 |     6 ||    11
  Dodge: Dodged            |    32 |    49 ||    81

Table legend: (Time is in decaauts)
 A = Elapsed time spent in this place.
 B = Non-inter-level travel time spent in this place.
 C = Inter-level travel time spent in this place.
 D = Time resting spent in this place.
 E = Time spent auto-exploring this place.
 F = Levels seen in this place.
 G = Mean time per level.
                   A        B        C        D        E       F      G
               +--------+--------+--------+--------+--------+-----+--------+
         Total |   2967 |   2903 |     64 |    391 |   1320 |   4 |  741.8 |
       Dungeon |   2967 |   2903 |     64 |    391 |   1320 |   4 |  741.8 |
               +--------+--------+--------+--------+--------+-----+--------+

Top non-repeatable levels by time:
     D:1: 768 daAuts
     D:3: 741 daAuts
     D:2: 733 daAuts
     D:4: 724 daAuts
